[Event "Titled Tuesday Blitz April 18 Early 2023"]
[White "Lamaze, Simon"]
[Black "littlepillow2010"]
[WhiteFideId "36069264"]
[WhiteElo "2272"]
[BlackElo "2428"]
[Result "1-0"]
[Round "04"]
[TimeControl "180+2"]
[Date "2023.04.18"]
[WhiteClock "0:00:45"]
[BlackClock "0:00:07"]

1. e3 d5 2. Nf3 Nf6 3. b3 c5 4. Be2 Nc6 5. Bb2 g6 6. Ne5 Nxe5 7. Bxe5 Bg7 8. O-O O-O 9. c4 dxc4 10. bxc4 Bf5 11. Nc3 Qd7 12. d3 Rad8 13. Qb3 Bxd3 14. Bxd3 Qxd3 15. Qxb7 Qxc4 16. Qxa7 Rd7 17. Qa5 Qb4 18. Qa6 Qb7 19. Qxb7 Rxb7 20. Rab1 Rxb1 21. Rxb1 Rd8 22. Rd1 Rxd1+ 23. Nxd1 Nd5 24. Bxg7 Kxg7 25. Kf1 Kf6 26. Ke2 Ke5 27. a3 c4 28. Nb2 Nb6 29. Kd2 Kd5 30. Kc3 Kc5 31. e4 f5 32. f3 fxe4 33. fxe4 Kb5 34. a4+ Kc5 35. a5 Nd7 36. Nxc4 Nb8 37. Ne5 Kb5 38. Kd4 Kxa5 39. Kd5 Kb5 40. Ke6 Kc5 41. Nf7 Kd4 42. e5 Nc6 43. g3 Ke3 44. Kd5 Nd4 45. Ng5 Nf3 46. Nxh7 Nxh2 47. Nf8 Nf1 48. Nxg6 Nxg3 49. Nxe7 Ne2 50. Ke6 Nf4+ 51. Kf5 Nd3 52. e6 Kd4 53. Nc6+ Kd5 54. e7 Kxc6 55. e8=Q+ Kd5 56. Qd8+ Kc4 57. Ke4 Nc5+ 58. Ke3 Nb3 59. Qg8+ Kb4 60. Kd3 Nc5+ 61. Kd4 Na4 62. Qb8+ Ka3 63. Kc4 Nb2+ 64. Kc3 Na4+ 65. Kc2 Ka2 66. Qb3+ 1-0


[Site "https://www.chess.com"]

[Event "Titled Tuesday Blitz April 18 Early 2023"]
[White "Urbina Perez, Juan Antonio"]
[Black "Girya, Olga"]
[WhiteFideId "2217368"]
[BlackFideId "4195752"]
[WhiteElo "2197"]
[BlackElo "2263"]
[Result "0-1"]
[Round "04"]
[TimeControl "180+2"]
[Date "2023.04.18"]
[WhiteClock "0:01:26"]
[BlackClock "0:00:54"]

1. c4 e5 2. d3 Nf6 3. Nf3 Nc6 4. Nc3 Bb4 5. Bd2 O-O 6. e3 d5 7. cxd5 Nxd5 8. Be2 Nxc3 9. Bxc3 Bxc3+ 10. bxc3 Qe7 11. O-O e4 12. dxe4 Qxe4 13. Nd4 Ne5 14. Bf3 Nxf3+ 15. Qxf3 Qxf3 16. Nxf3 Rd8 17. Rfd1 Be6 18. Nd4 Bc4 19. f3 c5 20. Nb3 b6 21. Kf2 Kf8 22. Ke1 a5 23. Nd2 Be6 24. a3 Rd3 25. c4 Rxe3+ 26. Kf2 Rd3 27. Ne4 Bxc4 28. Nd6 Rd8 29. Rxd3 Bxd3 30. Nb7 Rd7 31. Rd1 c4 0-1


[Site "https://www.chess.com"]

[Event "Titled Tuesday Blitz April 18 Early 2023"]
[White "Rottenwohrer Suarez, Juan"]
[Black "SashaKuzhilniy"]
[WhiteFideId "32068182"]
[WhiteElo "2174"]
[BlackElo "2557"]
[Result "0-1"]
[Round "04"]
[TimeControl "180+2"]
[Date "2023.04.18"]
[WhiteClock "0:00:02"]
[BlackClock "0:00:22"]

1. d4 Nf6 2. c4 e5 3. dxe5 Ng4 4. Bf4 Nc6 5. Nf3 Bb4+ 6. Nbd2 Qe7 7. e3 Ngxe5 8. Nxe5 Nxe5 9. Be2 a5 10. O-O d6 11. a3 Bc5 12. Ne4 Bb6 13. Nc3 c6 14. Qd2 Be6 15. b3 O-O 16. Rfd1 Rad8 17. Rac1 h6 18. h3 Rfe8 19. Bg3 Bc7 20. Qc2 Qf6 21. Nd5 cxd5 22. cxd5 Bb6 23. dxe6 fxe6 24. Qe4 Re7 25. Rxd6 Nc6 26. Rcd1 Rxd6 27. Rxd6 Bc7 28. Bd3 Bxd6 29. Qh7+ Kf7 30. Bxd6 Rd7 0-1


[Site "https://www.chess.com"]

[Event "Titled Tuesday Blitz April 18 Early 2023"]
[White "Smiechu"]
[Black "koncheto"]
[WhiteElo "2357"]
[BlackElo "2547"]
[Result "0-1"]
[Round "04"]
[TimeControl "180+2"]
[Date "2023.04.18"]
[WhiteClock "0:01:33"]
[BlackClock "0:01:02"]

1. e4 e5 2. Nf3 Nf6 3. Nxe5 Nc6 4. Nxc6 dxc6 5. Nc3 Bc5 6. Be2 h5 7. O-O Qd6 8. d3 Be6 9. Na4 Ng4 10. g3 Bxf2+ 11. Rxf2 Nxf2 12. Kxf2 Qd4+ 13. Be3 Qxa4 14. d4 O-O-O 15. b3 Qa5 16. c4 Rhe8 17. Bd2 Qa3 18. d5 cxd5 19. cxd5 Bxd5 20. exd5 Qc5+ 21. Kf1 Qxd5 0-1


[Site "https://www.chess.com"]

[Event "Titled Tuesday Blitz April 18 Early 2023"]
[White "Elgersma, Onno"]
[Black "Zaichenko, Daria"]
[WhiteFideId "1053531"]
[BlackFideId "4197453"]
[WhiteElo "2252"]
[BlackElo "2039"]
[Result "1-0"]
[Round "04"]
[TimeControl "180+2"]
[Date "2023.04.18"]
[WhiteClock "0:00:05"]
[BlackClock "0:00:02"]

1. Nf3 Nf6 2. c4 e6 3. g3 d5 4. Bg2 Be7 5. O-O O-O 6. d4 dxc4 7. Qc2 Bd7 8. Ne5 Nc6 9. Rd1 Nd5 10. Nxd7 Qxd7 11. Qxc4 Nb6 12. Qd3 Rad8 13. Be3 e5 14. dxe5 Qxd3 15. exd3 Nxe5 16. d4 Nec4 17. Bxb7 Bf6 18. Nc3 Nxb2 19. Rdc1 N6c4 20. Nd5 Nxe3 21. Nxf6+ gxf6 22. fxe3 Rfe8 23. Rc3 Na4 24. Rb3 Nb6 25. Rc1 Re7 26. Kf2 Kg7 27. Bg2 f5 28. Rc5 Kg6 29. Rbb5 Rde8 30. Rc3 Na4 31. Ra3 Nb6 32. Rc3 Na4 33. Rc6+ f6 34. Rb3 Nb6 35. h4 Nc8 36. Bf3 Nd6 37. Rbc3 Rb8 38. Rxc7 Rxc7 39. Rxc7 Rb2+ 40. Ke1 Rxa2 41. Rd7 Ne4 42. Bxe4 fxe4 43. Re7 f5 44. Re5 a5 45. Rb5 a4 46. Kf1 a3 47. Ra5 Ra1+ 48. Kg2 a2 49. Kh2 Kf6 50. d5 Ke5 51. Kg2 Kd6 52. Kh2 Ke5 53. Kg2 Re1 54. Rxa2 Rxe3 55. Ra7 Rd3 56. Rxh7 Kxd5 57. Rd7+ Kc4 58. Rc7+ Kb3 59. h5 Rd2+ 60. Kg1 e3 61. Re7 Rd3 62. h6 e2 63. Kf2 Rd6 64. Re3+ Kc4 65. Rxe2 Rxh6 66. Kf3 Kd5 67. Kf4 1-0


[Site "https://www.chess.com"]

[Event "Titled Tuesday Blitz April 18 Early 2023"]
[White "Dushyant Sharma"]
[Black "Mikhaylova, Irina"]
[WhiteFideId "25065130"]
[BlackFideId "4109040"]
[WhiteElo "2198"]
[BlackElo "1975"]
[Result "1-0"]
[Round "04"]
[TimeControl "180+2"]
[Date "2023.04.18"]
[WhiteClock "0:01:22"]
[BlackClock "0:00:06"]

1. e4 c5 2. Nf3 Nc6 3. d4 cxd4 4. Nxd4 e5 5. Nxc6 dxc6 6. Qxd8+ Kxd8 7. Nc3 Be6 8. f4 f6 9. Be3 Bd6 10. O-O-O Kc7 11. f5 Bf7 12. g4 h6 13. h4 Ne7 14. Be2 b6 15. g5 hxg5 16. hxg5 fxg5 17. Bxg5 Rag8 18. a3 Nc8 19. Rdg1 Rxh1 20. Rxh1 Be7 21. Be3 Bf6 22. Nd1 Nd6 23. Nf2 Nc4 24. Bxc4 Bxc4 25. Ng4 c5 26. Rh7 Kc6 27. b3 Be2 28. Nxf6 gxf6 29. Rf7 Bf3 30. Rxf6+ Kb5 31. a4+ Ka6 32. Re6 Bxe4 33. Rxe5 Bc6 34. f6 Rf8 35. Rf5 Bd7 36. Rf2 Be6 37. Bh6 Rf7 38. Bg7 Rd7 39. Re2 Bf7 40. Kb2 Kb7 41. Bf8 Kc6 42. Be7 Rd5 43. Rh2 Rf5 44. Rh7 Be6 45. Rh8 a6 46. Rh2 b5 47. a5 c4 48. Rd2 cxb3 49. Rd6+ Kc5 50. Rxe6+ Kc4 51. cxb3+ Kd5 52. Re2 1-0


[Site "https://www.chess.com"]

[Event "Titled Tuesday Blitz April 18 Early 2023"]
[White "Prudnykova, Olga"]
[Black "Osinenko, Anton"]
[WhiteFideId "14121093"]
[BlackFideId "4158970"]
[WhiteElo "2113"]
[BlackElo "2294"]
[Result "1/2-1/2"]
[Round "04"]
[TimeControl "180+2"]
[Date "2023.04.18"]
[WhiteClock "0:00:03"]
[BlackClock "0:00:02"]

1. e4 c5 2. Nf3 d6 3. Nc3 Nf6 4. e5 dxe5 5. Nxe5 Nbd7 6. d4 e6 7. Bf4 cxd4 8. Qxd4 Bc5 9. Qc4 Qb6 10. Nd3 e5 11. Nxc5 exf4 12. Qe2+ Kf8 13. Nxd7+ Bxd7 14. O-O-O Be6 15. Qd2 Qc7 16. f3 a6 17. Kb1 Ke7 18. Be2 Rhd8 19. Qe1 Kf8 20. Qh4 h6 21. Bd3 b5 22. Ne4 Qa5 23. b3 Nd5 24. Kb2 b4 25. g3 Qa3+ 26. Ka1 Rac8 27. Bc4 Nc3 28. Nxc3 g5 29. Rxd8+ Rxd8 30. Qxh6+ Ke8 31. Na4 Bxc4 32. Qh8+ Ke7 33. Qe5+ Kf8 34. Qh8+ Ke7 35. Qe5+ Kf8 36. Qh8+ Ke7 1/2-1/2


[Site "https://www.chess.com"]

[Event "Titled Tuesday Blitz April 18 Early 2023"]
[White "Ordekalog"]
[Black "Makhmudov, Shukhrat"]
[BlackFideId "14200775"]
[WhiteElo "2529"]
[BlackElo "2135"]
[Result "1/2-1/2"]
[Round "04"]
[TimeControl "180+2"]
[Date "2023.04.18"]
[WhiteClock "0:00:23"]
[BlackClock "0:00:50"]

1. e4 e5 2. Nf3 Nc6 3. Bb5 a6 4. Bxc6 dxc6 5. O-O Bg4 6. h3 h5 7. d3 Qf6 8. Nbd2 Ne7 9. Re1 Ng6 10. d4 Nf4 11. dxe5 Qg6 12. Nh4 Bxd1 13. Nxg6 Nxg6 14. Rxd1 O-O-O 15. Kf1 Nxe5 16. Ke2 Bb4 17. a3 Be7 18. b3 Ng6 19. Bb2 f6 20. Nc4 c5 21. a4 b6 22. Rxd8+ Rxd8 23. Bc1 Rd4 24. f3 h4 25. Be3 Rd7 26. Rg1 b5 27. axb5 axb5 28. Nd2 Bd6 29. Ra1 Kb7 30. c4 b4 31. Ra5 Kb6 32. Ra8 Bf4 33. Nf1 Bxe3 34. Kxe3 Ne5 35. f4 Nc6 36. Rg8 Nd4 37. Nd2 Nc2+ 38. Ke2 Nd4+ 39. Ke3 Nc2+ 40. Ke2 Nd4+ 41. Ke3 1/2-1/2


[Site "https://www.chess.com"]

[Event "Titled Tuesday Blitz April 18 Early 2023"]
[White "Eynullayev, Atilla"]
[Black "Prieto Aranguren, Alain"]
[WhiteFideId "13413570"]
[BlackFideId "2268906"]
[WhiteElo "2181"]
[BlackElo "2209"]
[Result "1-0"]
[Round "04"]
[TimeControl "180+2"]
[Date "2023.04.18"]
[WhiteClock "0:01:06"]
[BlackClock "0:00:43"]

1. d4 c6 2. c4 d5 3. Nf3 Nf6 4. g3 e6 5. Bg2 Be7 6. O-O O-O 7. Nbd2 Nbd7 8. Qc2 b6 9. e4 dxe4 10. Nxe4 Nxe4 11. Qxe4 Bb7 12. Bf4 Nf6 13. Qe2 c5 14. Rad1 cxd4 15. Nxd4 Bxg2 16. Kxg2 Qc8 17. b3 Qb7+ 18. Qf3 Qxf3+ 19. Kxf3 Rac8 20. Nb5 a6 21. Nd6 Bxd6 22. Rxd6 b5 23. Rxa6 bxc4 24. b4 Nd5 25. b5 c3 26. b6 Rc6 27. Be3 c2 28. Rc1 Rb8 29. a4 Nb4 30. Ra7 Nd3 31. Rc7 Rbxb6 32. Rxc2 Rxc2 33. Bxb6 Rxc7 34. Bxc7 Nc5 35. a5 f6 36. Ke3 Kf7 37. Kd4 Na6 38. Bb6 e5+ 39. Kc4 Ke6 40. Kb5 Nb8 41. Bc7 Nd7 42. a6 1-0


[Site "https://www.chess.com"]

[Event "Titled Tuesday Blitz April 18 Early 2023"]
[White "Shapiro, Viktor"]
[Black "Kyaw Lay Htaik"]
[WhiteFideId "4175700"]
[BlackFideId "13002007"]
[WhiteElo "2152"]
[BlackElo "2261"]
[Result "0-1"]
[Round "04"]
[TimeControl "180+2"]
[Date "2023.04.18"]
[WhiteClock "0:01:29"]
[BlackClock "0:02:22"]

1. c4 Nf6 2. Nc3 e5 3. Nf3 Nc6 4. a3 a5 5. g3 Bc5 6. Bg2 O-O 7. O-O d6 8. e3 h6 9. d4 Ba7 10. h3 Bf5 11. g4 Bh7 12. d5 Nb8 13. e4 Nbd7 14. b4 axb4 15. axb4 Bxf2+ 16. Rxf2 Rxa1 17. Re2 c6 18. Kh2 Qb6 19. b5 cxd5 0-1


[Site "https://www.chess.com"]

[Event "Titled Tuesday Blitz April 18 Early 2023"]
[White "Devaev, Alexander"]
[Black "Vanek, Tomas"]
[WhiteFideId "4169395"]
[BlackFideId "313459"]
[WhiteElo "2204"]
[BlackElo "2052"]
[Result "1-0"]
[Round "04"]
[TimeControl "180+2"]
[Date "2023.04.18"]
[WhiteClock "0:00:18"]
[BlackClock "0:00:13"]

1. Nf3 d6 2. d4 f5 3. Nc3 Nf6 4. Bg5 Ne4 5. Nxe4 fxe4 6. Nd2 Bf5 7. g4 Bg6 8. h4 h6 9. Be3 e6 10. Bg2 d5 11. Nf1 Bd6 12. Qd2 Nd7 13. f3 Nb6 14. b3 Qe7 15. f4 a5 16. Ng3 a4 17. Kf2 O-O 18. Rac1 Ba3 19. Rcf1 axb3 20. axb3 Bb4 21. Qd1 Ra2 22. Kg1 Bc3 23. f5 exf5 24. gxf5 Be8 25. Bc1 Qf6 26. e3 Bb5 27. Rf2 Ra1 28. Bf1 Bxf1 29. Qxf1 Rfa8 30. Kg2 Rxc1 31. Qxc1 Ra1 32. Qxa1 Bxa1 33. Rxa1 Qxh4 34. Rg1 Qg5 35. Rf4 Nc8 36. Kf2 Nd6 37. Rg2 b6 38. Kg1 Qd8 39. f6 g5 40. Rff2 Nf7 41. Nf5 Qd7 42. Nxh6+ Nxh6 43. Rxg5+ Kf8 44. Rg6 Ng4 45. Rg2 Nxf6 46. Rxf6+ Ke8 47. Rg8+ Ke7 48. Rg7+ Kxf6 49. Rxd7 c5 50. Rd6+ Ke7 51. dxc5 bxc5 52. Rxd5 Ke6 53. c4 1-0


[Site "https://www.chess.com"]

[Event "Titled Tuesday Blitz April 18 Early 2023"]
[White "Delorme, Alban"]
[Black "Martin Duque, Jesus"]
[WhiteFideId "623636"]
[BlackFideId "2208954"]
[WhiteElo "2196"]
[BlackElo "2305"]
[Result "1-0"]
[Round "04"]
[TimeControl "180+2"]
[Date "2023.04.18"]
[WhiteClock "0:00:03"]
[BlackClock "0:00:45"]

1. e4 c5 2. Nf3 b6 3. c3 Bb7 4. Bd3 g6 5. Bc2 Bg7 6. O-O Nf6 7. Re1 O-O 8. d4 cxd4 9. cxd4 Nc6 10. a3 Rc8 11. d5 Na5 12. Nc3 Nc4 13. b3 Nxa3 14. Bxa3 Rxc3 15. Bb2 Rc7 16. Rxa7 Qb8 17. Ra1 Rfc8 18. Bd3 d6 19. Qd2 b5 20. Bd4 Ba8 21. Rac1 Nd7 22. Bxg7 Kxg7 23. Rxc7 Rxc7 24. Nd4 b4 25. Qg5 Ne5 26. Nf5+ Kh8 27. Nxe7 Qf8 28. Qf6+ Qg7 29. Qxd6 Rxe7 30. Qxe7 Nxd3 31. Qd8+ Qg8 32. Qf6+ Qg7 33. Qd8+ Qg8 34. Qxg8+ Kxg8 35. Ra1 Bb7 36. Ra7 Nc5 37. d6 Kf8 38. d7 Ke7 39. Ra5 Ne6 40. Rb5 Bxe4 41. Rxb4 Kxd7 42. Rxe4 Kc6 43. Re3 Nd4 44. f3 f5 45. Kf2 f4 46. Rd3 Kc5 47. b4+ Kc4 48. Rxd4+ Kxd4 49. Ke2 Kc4 50. Kd2 Kxb4 51. Kd3 g5 52. Ke4 Kc3 53. Kf5 h6 54. Kg6 Kd2 55. Kxh6 g4 56. fxg4 Ke3 57. g5 Kf2 58. g6 Kxg2 59. g7 f3 60. h4 f2 61. g8=Q+ Kh1 62. Qf7 Kg2 63. Qxf2+ Kxf2 64. Kg7 1-0


[Site "https://www.chess.com"]

[Event "Titled Tuesday Blitz April 18 Early 2023"]
[White "Grigoriants, Sergey"]
[Black "Jaivardhan Raj"]
[WhiteFideId "4130804"]
[BlackFideId "25744437"]
[WhiteElo "2502"]
[BlackElo "1772"]
[Result "1-0"]
[Round "04"]
[TimeControl "180+2"]
[Date "2023.04.18"]
[WhiteClock "0:01:34"]
[BlackClock "0:00:22"]

1. d4 Nf6 2. c4 e6 3. g3 Bb4+ 4. Nd2 O-O 5. Bg2 d5 6. Nf3 b6 7. O-O Bb7 8. cxd5 Nxd5 9. Ne4 Nf6 10. Nxf6+ Qxf6 11. Bg5 Qg6 12. Ne5 Qxg5 13. Bxb7 Na6 14. Bxa6 c5 15. a3 Ba5 16. Bb7 Rad8 17. Qc2 cxd4 18. Nf3 Qb5 19. b4 Bxb4 20. axb4 Qxb4 21. Rxa7 Rd7 22. Ne5 Rd6 23. Be4 Qc5 24. Bxh7+ Kh8 25. Qxc5 bxc5 26. Nxf7+ Rxf7 27. Rxf7 Kxh7 28. Rc7 Rd5 29. Rc1 1-0


[Site "https://www.chess.com"]

[Event "Titled Tuesday Blitz April 18 Early 2023"]
[White "Ravi, Teja S."]
[Black "Alexikov, Alexander"]
[WhiteFideId "5017220"]
[BlackFideId "14103958"]
[WhiteElo "2433"]
[BlackElo "2186"]
[Result "1-0"]
[Round "04"]
[TimeControl "180+2"]
[Date "2023.04.18"]
[WhiteClock "0:01:30"]
[BlackClock "0:00:01"]

1. d4 Nf6 2. c4 g6 3. Nc3 Bg7 4. e4 d6 5. Nf3 O-O 6. Be2 e5 7. dxe5 dxe5 8. Qxd8 Rxd8 9. Bg5 Re8 10. Nd5 Nxd5 11. cxd5 c6 12. Bc4 cxd5 13. Bxd5 Nd7 14. Nd2 Nb6 15. Bb3 Be6 16. Ke2 f6 17. Be3 Kf7 18. Rhc1 Rac8 19. Bxb6 axb6 20. Bxe6+ Kxe6 21. Nc4 Rc6 22. Rc2 Rec8 23. Rac1 Bh6 24. Ne3 Bxe3 25. Rxc6+ bxc6 26. Kxe3 f5 27. a4 f4+ 28. Ke2 c5 29. Rd1 Ra8 30. b3 b5 31. axb5 Rb8 32. Kd3 Rxb5 33. Kc3 Rb4 34. f3 Rd4 35. Ra1 g5 36. h4 g4 37. Ra6+ Kf7 38. Rh6 g3 39. Rxh7+ Kg6 40. Re7 Kf6 41. Ra7 Rd1 42. Ra2 Rc1+ 43. Kd3 Kg6 44. Rc2 Rb1 45. Kc4 Kh5 46. Kxc5 Rxb3 47. Kd5 Rb5+ 48. Ke6 Kxh4 49. Kf5 Kh5 50. Rd2 Kh6 51. Rd5 Rb2 52. Rxe5 Rxg2 53. Kxf4 Rg1 54. Rg5 g2 55. Rg4 1-0


[Site "https://www.chess.com"]

[Event "Titled Tuesday Blitz April 18 Early 2023"]
[White "Perez Gormaz, Matias"]
[Black "Lach, Aleksandra"]
[WhiteFideId "3406342"]
[BlackFideId "1134299"]
[WhiteElo "2362"]
[BlackElo "2111"]
[Result "1-0"]
[Round "04"]
[TimeControl "180+2"]
[Date "2023.04.18"]
[WhiteClock "0:00:04"]
[BlackClock "0:00:13"]

1. e4 c5 2. Nf3 a6 3. c3 g6 4. d4 cxd4 5. cxd4 d5 6. e5 Bg4 7. Nbd2 Nc6 8. h3 Bxf3 9. Nxf3 Bg7 10. Bd3 f6 11. exf6 Nxf6 12. O-O O-O 13. Re1 Ne8 14. Be3 Nc7 15. Rc1 Qd7 16. Ng5 h6 17. Nf3 g5 18. Bb1 Ne6 19. Qd3 Rxf3 20. Qh7+ Kf8 21. gxf3 Nexd4 22. Bxd4 Nxd4 23. Kg2 Qd6 24. Rc3 Qf4 25. Rxe7 Kxe7 26. Qxg7+ Ke6 27. Qxh6+ Kd7 28. Qg7+ Ke6 29. Re3+ Kd6 30. Qe7+ Kc6 31. Rc3+ Kb5 32. Qc5+ Ka4 33. Ra3# 1-0


[Site "https://www.chess.com"]

[Event "Titled Tuesday Blitz April 18 Early 2023"]
[White "Jain Kashish Manoj"]
[Black "Mohammed, Zozek Salah Mohammed"]
[WhiteFideId "35081098"]
[BlackFideId "4803361"]
[WhiteElo "2191"]
[BlackElo "2211"]
[Result "1-0"]
[Round "04"]
[TimeControl "180+2"]
[Date "2023.04.18"]
[WhiteClock "0:00:09"]
[BlackClock "0:00:05"]

1. g3 d5 2. Bg2 Nf6 3. Nf3 c5 4. O-O Nc6 5. d3 g6 6. Nc3 Bg7 7. a3 O-O 8. Rb1 Bg4 9. h3 Bxf3 10. Bxf3 Rc8 11. Bd2 d4 12. Na4 Qd7 13. Bg2 b6 14. c4 dxc3 15. Nxc3 Nd4 16. b4 cxb4 17. axb4 Rfd8 18. Re1 Nb5 19. Nxb5 Qxb5 20. Qb3 Nd5 21. Rbc1 e6 22. Qa3 a6 23. Rxc8 Rxc8 24. Rc1 Rxc1+ 25. Qxc1 h6 26. Qc4 Qxc4 27. dxc4 Nc7 28. c5 bxc5 29. bxc5 Bf8 30. c6 Kg7 31. e4 e5 32. f4 f6 33. Bf1 Kf7 34. Bc4+ Ke7 35. Ba5 Kd8 36. Kf2 Bc5+ 37. Ke2 Bd6 38. Kf3 Ke7 39. f5 gxf5 40. exf5 Nb5 41. Kg4 Nd4 42. c7 Kd7 43. Kh5 Bxc7 44. Bxc7 Kxc7 45. g4 a5 46. Kxh6 a4 47. Kg6 Kc8 48. h4 a3 49. h5 Nc6 50. h6 e4 51. h7 Ne5+ 52. Kxf6 Nxc4 53. h8=Q+ Kc7 54. Qh2+ Kc6 55. Qa2 Kc5 56. g5 1-0


[Site "https://www.chess.com"]

[Event "Titled Tuesday Blitz April 18 Early 2023"]
[White "KorolDimitriy75"]
[Black "Sieciechowicz, Marcin"]
[BlackFideId "1130170"]
[WhiteElo "2404"]
[BlackElo "2302"]
[Result "0-1"]
[Round "04"]
[TimeControl "180+2"]
[Date "2023.04.18"]
[WhiteClock "0:00:02"]
[BlackClock "0:00:17"]

1. d4 Nf6 2. c4 g6 3. Nc3 d5 4. cxd5 Nxd5 5. e4 Nxc3 6. bxc3 Bg7 7. Nf3 c5 8. Rb1 Nc6 9. d5 Ne5 10. Nxe5 Bxe5 11. Qd2 e6 12. f4 Bc7 13. Bb5+ Bd7 14. Bxd7+ Qxd7 15. Rxb7 exd5 16. Qxd5 Qxd5 17. exd5 O-O-O 18. Rb5 Rhe8+ 19. Kf2 Rxd5 20. c4 Rd3 21. Rxc5 Kb7 22. Rb5+ Kc6 23. Re1 Bb6+ 24. Kf1 Rxe1+ 25. Kxe1 Rc3 26. Bd2 Rxc4 27. Re5 Bc5 28. Re8 Ra4 29. Rh8 h5 30. Rh7 f5 31. Rg7 Rxa2 32. Rxg6+ Kd5 33. Rg5 Ke4 34. Rxh5 a5 35. Rh7 a4 36. Rh8 a3 37. Re8+ Kd3 38. Rd8+ Bd4 39. Kd1 Rxd2+ 40. Kc1 a2 41. Rxd4+ Kxd4 42. Kxd2 a1=Q 0-1


[Site "https://www.chess.com"]

[Event "Titled Tuesday Blitz April 18 Early 2023"]
[White "Koutsin, Sergey"]
[Black "Averjanov, Alexey"]
[WhiteFideId "14101483"]
[BlackFideId "14109867"]
[WhiteElo "2381"]
[BlackElo "2613"]
[Result "0-1"]
[Round "04"]
[TimeControl "180+2"]
[Date "2023.04.18"]
[WhiteClock "0:00:12"]
[BlackClock "0:02:26"]

1. d4 d5 2. c4 dxc4 3. e4 Nf6 4. e5 Nd5 5. Bxc4 Nb6 6. Bb3 Nc6 7. Nf3 Bf5 8. a3 e6 9. Nc3 Be7 10. h3 Qd7 11. O-O O-O-O 12. Be3 Rhg8 13. Qe2 g5 14. g4 Bg6 15. Rfd1 h5 16. d5 exd5 17. Nxd5 Nxd5 18. Rxd5 Qe8 19. Rad1 hxg4 20. hxg4 Rh8 21. Rxd8+ Bxd8 22. Bxg5 Bxg5 23. Nxg5 Nxe5 24. f4 Qc6 0-1


[Site "https://www.chess.com"]

[Event "Titled Tuesday Blitz April 18 Early 2023"]
[White "Arias, Juan Cruz"]
[Black "Begunov, Konstantin"]
[WhiteFideId "118540"]
[BlackFideId "4118510"]
[WhiteElo "2243"]
[BlackElo "2087"]
[Result "1-0"]
[Round "04"]
[TimeControl "180+2"]
[Date "2023.04.18"]
[WhiteClock "0:01:19"]
[BlackClock "0:00:02"]

1. e4 c5 2. Nc3 d6 3. g3 Nc6 4. Bg2 g6 5. d3 Bg7 6. f4 Rb8 7. Nf3 Bg4 8. h3 Bxf3 9. Qxf3 b5 10. O-O b4 11. Nd5 e6 12. Ne3 Nge7 13. g4 h5 14. f5 hxg4 15. hxg4 Nd4 16. Qd1 gxf5 17. c3 f4 18. cxd4 fxe3 19. Bxe3 cxd4 20. Bg5 Qa5 21. Qd2 Ng6 22. a3 Qe5 23. axb4 Qh2+ 24. Kf2 Be5 25. Rg1 Qg3+ 26. Kf1 Qxg4 27. Rxa7 Rh5 28. Bh6 Bf4 29. Bxf4 Nxf4 30. e5 Rh2 31. Bc6+ Kf8 32. Qxh2 Qd1+ 33. Kf2 Nxd3+ 34. Kg3 Qb3 35. Qh8# 1-0


[Site "https://www.chess.com"]

[Event "Titled Tuesday Blitz April 18 Early 2023"]
[White "Petrova, Irina"]
[Black "Sokolovsky, Yahli"]
[WhiteFideId "14124122"]
[BlackFideId "2820242"]
[WhiteElo "2084"]
[BlackElo "2316"]
[Result "0-1"]
[Round "04"]
[TimeControl "180+2"]
[Date "2023.04.18"]
[WhiteClock "0:00:04"]
[BlackClock "0:00:16"]

1. e4 d6 2. d4 Nf6 3. Nc3 g6 4. Be3 Bg7 5. h3 c6 6. a4 O-O 7. Bd3 e5 8. dxe5 dxe5 9. Nf3 Nh5 10. Qd2 Nf4 11. Bxf4 exf4 12. Qxf4 Qb6 13. e5 Qxb2 14. Kd2 Qb6 15. Ne4 Bf5 16. Ke2 Bxe4 17. Qxe4 Nd7 18. Rhb1 Qc7 19. e6 Rfe8 20. Kf1 Rxe6 21. Qb4 Bxa1 22. Rxa1 Rae8 23. Rb1 b6 24. Qc3 Ne5 25. Nd4 R6e7 26. Bc4 Nxc4 27. Qxc4 Qh2 28. f3 Re1+ 29. Rxe1 Qh1+ 0-1


[Site "https://www.chess.com"]

[Event "Titled Tuesday Blitz April 18 Early 2023"]
[White "Ozates, Tuna"]
[Black "Khromkin, Andrey"]
[WhiteFideId "6354521"]
[BlackFideId "4154126"]
[WhiteElo "2151"]
[BlackElo "2392"]
[Result "1-0"]
[Round "04"]
[TimeControl "180+2"]
[Date "2023.04.18"]
[WhiteClock "0:00:50"]
[BlackClock "0:00:01"]

1. e4 c5 2. Nc3 g6 3. g3 Bg7 4. Bg2 Nc6 5. d3 e6 6. Be3 Nd4 7. Qd2 Rb8 8. Nd1 d6 9. f4 Ne7 10. c3 Ndc6 11. Nf3 b5 12. O-O b4 13. g4 h5 14. g5 h4 15. h3 bxc3 16. bxc3 Qa5 17. Nh2 Ba6 18. Ng4 Qb5 19. Nf6+ Bxf6 20. gxf6 Ng8 21. e5 dxe5 22. fxe5 Nxe5 23. Bf4 Nxd3 24. Bxb8 Qxb8 25. c4 Ne5 26. Ne3 Nh6 27. Rab1 Qc7 28. Rfe1 Nf5 29. Nxf5 gxf5 30. Qf4 Rg8 31. Rxe5 1-0


[Site "https://www.chess.com"]

[Event "Titled Tuesday Blitz April 18 Early 2023"]
[White "Trakru, Rohun"]
[Black "Yayloyan, Konstantin"]
[WhiteFideId "2097613"]
[BlackFideId "13307088"]
[WhiteElo "1852"]
[BlackElo "2190"]
[Result "1-0"]
[Round "04"]
[TimeControl "180+2"]
[Date "2023.04.18"]
[WhiteClock "0:00:14"]
[BlackClock "0:00:56"]

1. a3 a5 2. c4 g6 3. Nc3 Bg7 4. d4 d6 5. Bg5 Nf6 6. Qd2 Nc6 7. Nf3 h6 8. Bh4 Nh5 9. e3 g5 10. Bg3 O-O 11. Bd3 f5 12. O-O-O e5 13. dxe5 dxe5 14. Be2 Qxd2+ 15. Nxd2 f4 16. Bxh5 fxg3 17. fxg3 Be6 18. Bf3 g4 19. Bd5 Bxd5 20. cxd5 Ne7 21. Nde4 Nf5 22. Kd2 h5 23. Ke2 Bh6 24. Rd3 Rad8 25. Rf1 b6 26. Nb5 Rd7 27. Na7 Nd6 28. Rxf8+ Kxf8 29. Nf6 Rf7 30. Nxh5 Ne4 31. h3 Rf2+ 32. Ke1 Rxg2 33. hxg4 Rxb2 34. Nc6 Nc5 35. Rd1 Bxe3 36. Nxe5 Ne4 37. Nc4 Bf2+ 38. Kf1 Rc2 39. Ne5 Bxg3 40. Nxg3 Nxg3+ 41. Kg1 Ne2+ 42. Kf1 Nf4 43. d6 cxd6 44. Rxd6 b5 45. Rb6 Rc5 46. Nd7+ Ke7 47. Nxc5 b4 48. axb4 axb4 49. Rxb4 Nd5 50. Rb7+ Kd6 51. Nd3 Ne3+ 52. Ke2 Nxg4 53. Kf3 Nf6 54. Nf4 Nd7 55. Ke3 Kc6 56. Rb1 Nc5 57. Kd4 Nd7 58. Rc1+ Kd6 59. Nd5 Ne5 60. Rh1 Nc6+ 61. Ke4 Kc5 62. Ne3 Ne7 63. Rh7 Nc6 64. Nf5 Na5 65. Nd4 Nc4 66. Rc7+ Kb4 67. Nc2+ Kb3 68. Kd4 Nd6 69. Rc6 Nb5+ 70. Kd3 Na7 71. Rc5 Kb2 72. Kc4 Kxc2 73. Kb4+ Kd3 74. Ka5 Kd4 75. Rc7 Nb5 76. Kxb5 Kd5 77. Rc6 Kd4 78. Rc8 Kd5 79. Rd8+ Ke6 80. Kc5 Ke7 81. Rd1 Ke6 82. Rd2 Ke7 83. Kc6 Ke6 84. Re2+ 1-0


[Site "https://www.chess.com"]

[Event "Titled Tuesday Blitz April 18 Early 2023"]
[White "Shevtchenko, Olesya"]
[Black "Manon-og, Ramon Jr."]
[WhiteFideId "24131890"]
[BlackFideId "5200776"]
[WhiteElo "2003"]
[BlackElo "2388"]
[Result "1-0"]
[Round "04"]
[TimeControl "180+2"]
[Date "2023.04.18"]
[WhiteClock "0:00:21"]
[BlackClock "0:00:02"]

1. e4 c5 2. Nf3 d6 3. d4 cxd4 4. Nxd4 Nf6 5. Nc3 a6 6. Nb3 e5 7. Bg5 Be6 8. Bxf6 Qxf6 9. Na5 Ra7 10. Nc4 Qd8 11. a4 Nc6 12. Nd5 Bxd5 13. Qxd5 Be7 14. c3 O-O 15. Rd1 Qc7 16. Nxd6 Raa8 17. Nf5 Rad8 18. Qb3 Bc5 19. Bd3 g6 20. Ng3 Rd7 21. O-O Rfd8 22. Qc2 h5 23. Bc4 Ne7 24. Rxd7 Rxd7 25. Bb3 Qb6 26. h4 Kg7 27. Ne2 Ng8 28. Nc1 Nf6 29. Bc4 Ng4 30. Nd3 Qc6 31. Bd5 Qb6 32. Nxc5 Qxc5 33. b4 Qb6 34. Qb3 Qc7 35. c4 Qb6 36. c5 Qc7 37. f3 Nf6 38. Rd1 Qd8 39. Qc4 Ne8 40. g3 1-0


[Site "https://www.chess.com"]